Map: Романтицид РВ

Players

Kantara

  • Race: Terran Terran
  • League: Diamond
  • Spawn Location: 11:00

Hideki

  • Race: Terran Terran
  • League: Master
  • Spawn Location: 5:00

SenseiTapok

  • Race: Terran Terran
  • League: Master

NotMe

  • Race: Terran Terran
  • League: Diamond

VOD

Have the link to the VOD?

Description

Time

  • Played on: Nov. 8, 2020, 8:52 a.m.
  • Length: 15:17
Show
View Real Time Build Order
Export as new Build Order

Kantara Terran 

Build Orders:  

Get SALT Encoding   

  12  0:00  SCV  
  13  0:13  SCV  
  14  0:22  Supply Depot  
  14  0:25  SCV  
  15  0:42  Refinery  
  15  0:44  SCV  
  15  0:45  Barracks  
  16  0:56  SCV  
  17  1:10  SCV  
  18  1:23  SCV  
  19  1:34  Supply Depot  
  19  1:35  Barracks Reactor  
  19  1:38  Barracks  
  20  1:40  Orbital Command  
  20  1:45  Refinery  
  19  1:53  Supply Depot  
  19  2:05  SCV  
  20  2:12  Marine x2  
  22  2:17  SCV  
  22  2:22  Factory  
  23  2:28  Barracks Tech Lab  
  23  2:29  Engineering Bay  
  23  2:32  Marine x2  
  25  2:38  SCV  
  26  2:49  Marine  
  26  2:50  Marine, Stimpack  
  28  2:51  Marine  
  28  2:54  SCV  
  30  3:06  SCV  
  30  3:07  Starport, Marine  
  30  3:11  Marine  
  30  3:12  Marine  
  34  3:16  Factory Reactor  
  34  3:22  Supply Depot  
  34  3:28  Terran Infantry Weapons Level 1  
  34  3:31  SCV  
  34  3:34  Marine  
  36  3:52  SCV  
  36  3:54  Supply Depot  
  37  3:59  Medivac  
  39  4:02  Medivac  
  39  4:04  Marine x2  
  39  4:05  Marine  
  44  4:14  Supply Depot  
  44  4:21  SCV  
  44  4:22  Marine x2  
  44  4:23  Marine  
  47  4:39  Marine  
  47  4:40  Marine  
  47  4:41  Marine  
  50  4:49  Liberator  
  50  4:51  Command Center  
  53  4:57  Barracks  
  53  5:00  Marine  
  54  5:08  SCV  
  54  5:09  Marine x2  
  57  5:18  Marine  
  53  5:25  Terran Infantry Armor Level 1  
  53  5:26  Combat Shield  
  53  5:27  Marine  
  42  5:43  Marine x3  
  42  5:45  Medivac  
  46  6:03  Barracks Tech Lab  
  46  6:05  Marine x2  
  46  6:10  Command Center  
  48  6:16  Marine  
  49  6:22  SCV  
  49  6:23  Marine x2  
  52  6:31  Starport Tech Lab  
  52  6:49  Orbital Command  
  52  6:58  SCV  
  53  7:02  Factory, Fusion Core  
  52  7:11  SCV  
  52  7:15  Marine x2  
  47  7:22  Refinery x2  
  44  7:30  Marine x2  
  44  7:33  Marine  
  46  7:42  SCV x2  
  44  7:54  SCV x2  
  39  8:05  Marine x2, Marauder x2  
  38  8:06  SCV  
  33  8:14  SCV  
  33  8:18  SCV  
  31  8:23  Marine  
  31  8:26  Factory Tech Lab, SCV  
  33  8:31  Armory, SCV  
  34  8:38  SCV  
  35  8:42  Armory  
  35  8:43  SCV  
  36  8:50  SCV  
  37  8:55  SCV  
  37  8:56  Orbital Command  
  37  9:01  Widow Mine x2  
  37  9:02  Widow Mine, SCV  
  45  9:11  SCV  
  45  9:12  Marine x2  
  45  9:14  SCV  
  47  9:23  Drilling Claws  
  45  9:25  Widow Mine x3  
  45  9:27  SCV  
  51  9:33  SCV  
  52  9:46  Widow Mine x2  
  52  9:49  Widow Mine  
  52  9:50  SCV x2  
  52  9:51  SCV  
  61  10:05  Command Center  
  61  10:07  Widow Mine  
  61  10:08  Widow Mine, SCV  
  64  10:23  Battlecruiser  
  52  10:40  SCV x2  
  48  10:44  SCV  
  49  10:52  SCV x2  
  49  10:56  SCV  
  52  11:04  SCV x2  
  53  11:08  SCV  
  52  11:16  SCV x2  
  48  11:20  SCV  
  52  11:25  Widow Mine x2  
  52  11:26  Widow Mine  
  52  11:28  SCV x2  
  52  11:30  Weapon Refit  
  56  11:36  SCV  
  57  11:40  SCV  
  57  11:46  SCV  
  61  11:47  Widow Mine  
  61  11:49  Widow Mine x2  
  61  11:50  Refinery  
  65  11:55  SCV x2  
  65  12:00  SCV  
  67  12:08  Widow Mine  
  67  12:09  SCV x2  
  67  12:10  Widow Mine  
  67  12:11  Widow Mine  
  68  12:26  SCV x3  
  71  12:31  SCV  
  70  12:38  SCV x3  
  70  12:41  Widow Mine x3  
  70  12:43  SCV  
  80  12:50  SCV  
  81  12:52  SCV x2  
  81  12:56  Planetary Fortress  
  83  12:59  Command Center  
  76  13:18  Widow Mine  
  76  13:19  Widow Mine  
  52  13:46  Widow Mine, SCV x3  
  52  13:47  Widow Mine x2  
  51  13:54  SCV  
  52  14:00  SCV  
  53  14:13  Factory  
  49  14:18  Factory Reactor, SCV x2  
  47  14:30  Widow Mine x2, SCV  
  47  14:31  SCV  
  35  14:51  Command Center, Widow Mine  
  35  14:52  Command Center  
Show
View Real Time Build Order
Export as new Build Order

Hideki Terran 

Build Orders:  

Get SALT Encoding   

  12  0:00  SCV  
  13  0:12  SCV  
  14  0:17  Supply Depot  
  14  0:24  SCV  
  14  0:28  Refinery  
  15  0:39  SCV  
  16  0:44  Barracks  
  16  0:51  SCV  
  17  0:58  Refinery  
  17  1:03  SCV  
  18  1:15  SCV  
  19  1:31  Orbital Command  
  19  1:33  Factory  
  19  1:36  Reaper  
  20  1:46  Supply Depot  
  20  1:56  SCV  
  21  2:08  Reaper  
  22  2:09  SCV  
  23  2:17  Hellion  
  23  2:21  SCV  
  26  2:27  Command Center  
  26  2:33  SCV  
  27  2:39  Hellion  
  27  2:40  Reaper  
  27  2:41  Supply Depot  
  30  2:46  SCV  
  31  2:56  Starport  
  31  3:01  Factory Tech Lab  
  31  3:02  SCV  
  32  3:12  Barracks Reactor  
  32  3:14  SCV  
  32  3:19  Cyclone  
  36  3:27  SCV  
  37  3:32  Starport Tech Lab  
  37  3:39  Orbital Command  
  37  3:42  Refinery  
  37  3:44  SCV  
  38  3:50  Marine x2  
  40  3:56  SCV  
  40  3:58  Raven  
  43  4:05  SCV  
  43  4:08  SCV  
  43  4:09  Marine x2  
  47  4:14  Siege Tank  
  50  4:17  SCV  
  50  4:20  SCV  
  50  4:21  Bunker  
  52  4:26  Marine x2  
  54  4:32  Supply Depot  
  54  4:36  Command Center  
  54  4:42  Supply Depot  
  54  4:54  Marine x2, SCV x2, Raven  
  60  5:03  Siege Tank  
  60  5:06  SCV x2  
  65  5:12  Marine x2  
  67  5:18  SCV x2  
  58  5:29  Marine  
  58  5:30  Marine, SCV  
  52  5:36  Siege Tank  
  52  5:42  Orbital Command  
  55  5:48  SCV  
  57  6:01  SCV  
  56  6:08  Siege Tank  
  59  6:11  SCV x2  
  59  6:13  SCV  
  62  6:18  Viking, Barracks  
  62  6:19  Barracks  
  62  6:23  SCV  
  62  6:25  SCV  
  67  6:26  Orbital Command, Refinery  
  65  6:35  SCV  
  65  6:37  SCV  
  66  6:48  SCV  
  66  6:49  SCV  
  66  6:53  SCV  
  69  7:00  SCV  
  65  7:01  SCV  
  65  7:03  Marine, Stimpack  
  65  7:04  Siege Tank  
  65  7:05  SCV  
  71  7:11  Barracks Reactor  
  71  7:12  SCV  
  71  7:13  Marine, SCV  
  74  7:17  SCV  
  74  7:20  Viking, Marine  
  78  7:24  SCV  
  78  7:25  SCV  
  81  7:30  SCV  
  81  7:31  Marine  
  81  7:36  SCV  
  83  7:37  SCV  
  83  7:38  Marine  
  82  7:48  SCV  
  82  7:49  Marine  
  82  7:50  SCV  
  77  7:51  SCV  
  77  7:56  Marine x3  
  72  8:00  SCV  
  72  8:02  SCV  
  72  8:03  SCV  
  69  8:07  Marine  
  69  8:12  SCV  
  70  8:14  Marine x3, SCV  
  70  8:16  SCV  
  73  8:22  Refinery  
  73  8:23  Engineering Bay x2, Refinery  
  73  8:24  SCV  
  73  8:25  Barracks x2  
  73  8:26  SCV  
  75  8:28  SCV  
  75  8:29  Medivac x2  
  75  8:30  Barracks Reactor  
  80  8:36  SCV  
  80  8:38  SCV  
  80  8:40  SCV  
  83  8:42  Marine x2  
  85  8:49  Missile Turret  
  85  8:50  Armory  
  85  8:52  Terran Infantry Weapons Level 1, Terran Infantry Armor Level 1  
  85  9:01  Supply Depot  
  85  9:02  Supply Depot  
  85  9:13  Barracks Reactor x2  
  85  9:22  Marine x3  
  85  9:23  Viking, Marine x2, SCV x3  
  95  9:35  SCV x3  
  95  9:38  Thor, Terran Vehicle Weapons Level 1  
  98  9:40  Marine x2  
  106  9:47  SCV x3  
  109  9:56  Command Center  
  109  9:58  Supply Depot  
  109  10:03  Missile Turret x3  
  109  10:11  Supply Depot x2  
  109  10:19  Marine x5  
  109  10:20  Medivac, SCV  
  117  10:31  Marine  
  117  10:32  Marine x3, Thor, SCV x3  
  126  10:37  Marine x5  
  123  10:44  SCV x3  
  123  10:46  Terran Infantry Armor Level 2, Terran Infantry Weapons Level 2  
  123  10:49  Marine  
  127  10:50  Marine x3, Medivac  
  127  10:55  Marine  
  133  11:08  Viking, Marine x8, SCV x3  
  146  11:13  Marine  
  146  11:18  SCV  
  146  11:20  SCV x2  
  148  11:26  Starport  
  148  11:27  Supply Depot, Starport  
  148  11:31  Supply Depot  
  148  11:32  Supply Depot  
  148  11:33  Supply Depot  
  148  11:47  Missile Turret  
  148  11:48  Marine x2, Thor  
  148  11:53  Marine x7, Medivac x2, SCV  
  168  12:00  SCV x3  
  171  12:05  Starport Tech Lab  
  171  12:06  Marine x2, Starport Tech Lab  
  157  12:10  Marine x3  
  157  12:11  Marine x3  
  160  12:16  Marine  
  159  12:23  Viking x2  
  159  12:24  Marine  
  159  12:27  SCV x3  
  159  12:29  Marine  
  168  12:30  Raven x2  
  168  12:33  Fusion Core, Terran Ship Weapons Level 1  
  172  12:46  Marine  
  172  12:47  Marine x5  
  178  13:05  Planetary Fortress  
  155  13:09  Marine x6, Refinery x2  
  155  13:12  Marine x2  
  156  13:13  Marine  
  155  13:27  Marine x6  
  155  13:30  Marine  
  159  13:41  Marine x2  
  153  13:42  Viking x2, Battlecruiser x2  
  153  13:44  Marine x2  
  162  13:49  SCV x3  
  162  13:50  SCV  
  162  13:51  Marine x4  
  170  14:01  SCV x2  
  172  14:10  Refinery  
  172  14:11  Command Center  
  172  14:12  Viking  
  172  14:15  Refinery  
  174  14:18  Medivac  
  174  14:20  Marine x4  
  174  14:21  Refinery x2  
  174  14:22  Command Center  
  180  14:29  Marine  
  180  14:47  Supply Depot x2  
  180  14:48  Supply Depot  
  180  15:06  Missile Turret x2  
  180  15:08  Missile Turret  
  180  15:10  Missile Turret  
Show
View Real Time Build Order
Export as new Build Order

SenseiTapok Terran 

Build Orders:  

Get SALT Encoding   

Show
View Real Time Build Order
Export as new Build Order

NotMe Terran 

Build Orders:  

Get SALT Encoding   

Tags
 
Add a new tag
Caveats
  • Supply blocks, unpowered buildings, or Contaminate may cause inaccurate times.
  • Supply counts are checked every 10 seconds.